 Dungeon Crawl Stone Soup version 0.22.1-1-ga44c0e56f4 (webtiles) character file.

98719 DildoBatman the Covert (level 16, -7/122 HPs)
             Began as a Formicid Wizard on Oct 20, 2018.
             Was a High Priest of Sif Muna.
             Mangled by an Ice Fiend (18 damage)
             ... in an ice cave on Oct 23, 2018.
             The game lasted 02:46:42 (29106 turns).

DildoBatman the Covert (Formicid Wizard)           Turns: 29106, Time: 02:46:42

Health: -7/122     AC: 17    Str: 24      XL:     16   Next: 74%
Magic:  30/30      EV: 17    Int: 27 (30) God:    Sif Muna [*****.]
Gold:   1028       SH:  0    Dex:  7 (12) Spells: 8/35 levels left

rFire    + + .     SeeInvis +   a - +9 hand axe of War {protect, Str+7}
rCold    + . .     Gourm    .   (no shield)
rNeg     . . .     Faith    .   o - +4 troll leather armour {Snorg}
rPois    +         Spirit   .   (helmet unavailable)
rElec    +         Reflect  .   R - +2 cloak {rPois}
rCorr    +         Harm     .   b - +0 pair of gloves
MR       +....                  l - +2 pair of boots of Gozag's Hope {+Fly rF+ Stlth+}
Stlth    +++++.....             r - amulet of regeneration
HPRegen  2.10/turn              I - ring "Hehaah" {+Blink Str+4 Dex+3}
MPRegen  0.22/turn              i - ring "Ifeanonu" {rPois EV+3 Int+6}

@: resistant, regenerating (expiring), divine energy
A: permanent stasis, dig shafts and tunnels, four strong arms, antennae 3,
deterioration 1, mutation resistance 1
a: Dig, Shaft Self, Stop Divine Energy, Channel Magic, Forget Spell, Renounce
Religion, Evoke Flight


You were in an ice cave.
You worshipped Sif Muna.
Sif Muna was extremely pleased with you.
You were very hungry.

You visited 5 branches of the dungeon, and saw 25 of its levels.
You also visited: Ice Cave and Volcano.

You collected 3380 gold pieces.
You spent 2352 gold pieces at shops.

Inventory:

Hand Weapons
 a - the +9 hand axe of War (weapon) {protect, Str+7}
   (You bought it in a shop on level 2 of the Orcish Mines)

   It protects the one who uses it against injury (+AC on strike).
   It affects your strength (+7).
 c - a +2 shortbow of flaming
 d - a +4 battleaxe of flaming
 e - the +6 shillelagh "Devastator" {shatter}
   (You found it on level 2 of the Lair of Beasts)
 f - the +7 sceptre of Torment
   (You found it on level 10 of the Dungeon)
Missiles
 j - 17 stones (quivered)
 k - 452 arrows
Armour
 b - a +0 pair of gloves (worn)
 l - the +2 pair of boots of Gozag's Hope (worn) {+Fly rF+ Stlth+}
   (You found it on level 15 of the Dungeon)

   It protects you from fire.
   It lets you fly.
   It makes you more stealthy.
 o - a +4 troll leather armour (worn) {Snorg}
 R - a +2 cloak of poison resistance (worn)
Jewellery
 g - an uncursed amulet of the gourmand
 i - the ring "Ifeanonu" (right hand) {rPois EV+3 Int+6}
   (You bought it in a shop on level 2 of the Orcish Mines)

   [ring of evasion]

   It affects your evasion (+3).
   It affects your intelligence (+6).
   It protects you from poison.
 q - an uncursed ring of protection from fire
 r - an amulet of regeneration (around neck)
 I - the ring "Hehaah" (left hand) {+Blink Str+4 Dex+3}
   (You bought it in a shop on level 2 of the Orcish Mines)

   [ring of strength]

   It affects your strength (+4).
   It affects your dexterity (+3).
   It lets you blink.
 J - an uncursed ring of resist corrosion
Wands
 n - a wand of digging (7)
 p - a wand of disintegration (16)
 s - a wand of acid (22)
 t - a wand of polymorph (4)
 A - a wand of flame (2)
 H - a wand of iceblast (30)
 X - a wand of paralysis (34)
Scrolls
 x - 5 scrolls of remove curse
 y - 3 scrolls of fog
 z - 12 scrolls of identify
 D - a scroll of magic mapping
 F - 6 scrolls of fear
Potions
 h - 2 potions of resistance
 m - 10 potions of heal wounds
 u - 12 potions of curing
 N - a potion of invisibility
Miscellaneous
 Q - a lamp of fire (inert)
Comestibles
 v - 36 rations


   Skills:
 - Level 10.0 Fighting
   Level 3.1 Short Blades
 * Level 3.3(6.6) Axes
 - Level 9.0(9.2) Maces & Flails
 - Level 9.0 Armour
 - Level 7.0 Dodging
 - Level 11.0 Stealth
 - Level 10.0 Spellcasting
 - Level 6.0 Conjurations
 - Level 6.0 Hexes
 - Level 6.0 Charms
   Level 1.0 Summonings
 * Level 10.1 Necromancy
   Level 0.8 Translocations
 - Level 5.0 Air Magic
 - Level 9.0 Poison Magic
 - Level 11.0 Evocations


You had 8 spell levels left.
You knew the following spells:

 Your Spells              Type           Power        Failure   Level  Hunger
a - Slow                  Hex            #####...     1%          2    None
b - Magic Dart            Conj           ####         1%          1    None
c - Spectral Weapon       Hex/Chrm       #####...     1%          3    None
d - Regeneration          Chrm/Necr      ######....   1%          3    None
e - Mephitic Cloud        Conj/Pois/Air  #####...     1%          3    None
f - Necromutation         Tmut/Necr      #####.....   100%        8    #######
h - Dispel Undead         Necr           ######..     1%          5    ####...
z - Sublimation of Blood  Necr           ######....   1%          2    None

Your spell library contained the following spells:

 Spells                   Type           Power        Failure   Level  Hunger
 Infusion                 Chrm           ####         1%          1    None
 Pain                     Necr           ####         1%          1    None
 Shock                    Conj/Air       ####         1%          1    None
 Sting                    Conj/Pois      ####         1%          1    None
 Corpse Rot               Necr           N/A          1%          2    None
 Poisonous Vapours        Pois/Air       ######       1%          2    None
 Searing Ray              Conj           #####.       1%          2    None
 Shroud of Golubria       Chrm/Tloc      ####......   1%          2    None
 Song of Slaying          Chrm           #####...     1%          2    None
 Swiftness                Chrm/Air       #####...     1%          2    None
 Dazzling Spray           Conj/Hex       #####.       1%          3    None
 Static Discharge         Conj/Air       #####...     1%          3    None
 Tukima's Dance           Hex            #####...     1%          3    None
 Vampiric Draining        Necr           ######....   1%          3    None
 Agony                    Necr           ######..     1%          5    ####...
 Apportation              Tloc           ###...       3%          1    None
 Summon Butterflies       Summ           ###.....     3%          1    None
 Call Imp                 Summ           ###.....     4%          2    None
 Conjure Flame            Conj/Fire      ####....     4%          3    None
 Cause Fear               Hex            #####.....   4%          4    None
 Fulminant Prism          Conj/Hex       #####.....   4%          4    None
 Iskenderun's Mystic Bla  Conj           #####...     4%          4    None
 Bolt of Draining         Conj/Necr      ######....   4%          5    ####...
 Excruciating Wounds      Chrm/Necr      ######....   4%          5    ####...
 Airstrike                Air            #####.....   6%          4    None
 Venom Bolt               Conj/Pois      ######....   6%          5    ####...
 Lesser Beckoning         Tloc           ###.......   10%         3    None
 Recall                   Summ/Tloc      N/A          10%         3    None
 Iskenderun's Battlesphe  Conj/Chrm      #####...     11%         5    ####...
 Force Lance              Conj/Tloc      ####....     12%         4    None
 Throw Icicle             Conj/Ice       ####....     14%         4    None
 Lightning Bolt           Conj/Air       #####.....   14%         5    ####...
 Silence                  Hex/Air        #####.....   14%         5    ####...
 Alistair's Intoxication  Tmut/Pois      #####...     21%         5    ####...
 Summon Ice Beast         Ice/Summ       ###.....     36%         4    None
 Yara's Violent Unravell  Hex/Tmut       ####......   36%         5    ####...
 Invisibility             Hex            #####...     52%         6    #####..
 Deflect Missiles         Chrm/Air       #####.....   58%         6    #####..
 Aura of Abjuration       Summ           ###.......   65%         5    ####...
 Summon Forest            Summ/Tloc      ###.......   65%         5    ####...
 Simulacrum               Ice/Necr       #####.....   65%         6    #####..
 Freezing Cloud           Conj/Ice/Air   ####......   86%         6    #####..
 Orb of Destruction       Conj           #####.....   98%         7    #######
 Haunt                    Necr/Summ      #####.....   99%         7    #######
 Borgnjor's Revivificati  Necr           ######....   99%         8    #######
 Infestation              Necr           ######....   99%         8    #######
 Statue Form              Tmut/Erth      ##.......    100%        6    #####..
 Monstrous Menagerie      Summ           ###.......   100%        7    #######
 Ring of Flames           Chrm/Fire      ####......   100%        7    #######
 Death's Door             Chrm/Necr      ######....   100%        8    #######
 Discord                  Hex            #####.....   100%        8    #######
 Summon Horrible Things   Summ           ###.......   100%        8    #######
 Glaciate                 Conj/Ice       ####......   100%        9    #######
 Blink                    Tloc           Unusable     N/A         2    N/A

Dungeon Overview and Level Annotations

Branches:
Dungeon (15/15)            Temple (1/1) D:6            Lair (6/6) D:10
 Shoals (0/4) Lair:4       Spider (1/4) Lair:3        Slime (0/5) Lair:5
    Orc (2/2) D:11            Elf (0/3) Orc:2        Vaults (0/5) D:14
 Depths: D:15

Altars:
Ashenzari
Cheibriados
Dithmenos
Elyvilon
Fedhas
Gozag
Hepliaklqana
Kikubaaqudgha
Makhleb
Nemelex Xobeh
Okawaru
Qazlal
Ru
Sif Muna
Trog
Uskayaw
Vehumet
Wu Jian
Xom
Yredelemnul
Zin
The Shining One
Beogh
Jiyva

Shops:
Orc:2 =%(*

Annotations:
D:15 exclusion: fire dragon
Lair:3 Rupert


Innate Abilities, Weirdness & Mutations

You cannot be hasted, slowed, berserked, paralysed or teleported.
You can dig through walls and to a lower floor.
Your four strong arms can wield two-handed weapons with a shield.
You have a pair of large antennae on your head. (SInv)
Your body sometimes deteriorates upon taking damage.
You are somewhat resistant to further mutation.


Message History

Unknown command.
Unknown command.
You extend your mandibles.
Unknown command.
Unknown command.
Unknown command.
You dig through the ice covered rock wall.
You are feeling very hungry.
The Ice Fiend is engulfed in blazing flames.
The Ice Fiend calls on the powers of darkness!
Your body is wracked with pain!
The Ice Fiend claws you!! The Ice Fiend freezes you!! You resist.
Your body deteriorates!
You feel clumsy. The Ice Fiend claws you! The Ice Fiend freezes you!!
You resist.
You die...

##### .### ####...###
1..## ###....#...##
....#
##.....####..###...#
###.....#####..##...#
##....#####.#.###..###
#....## #.⌠...###§.#
...### ##...#.#§###
.######### #####@1##
...##....### #.##
###....#...####§≈≈#
#######....####≈≈≈
####...###≈≈≈# ##
##....###### .###
##.##.....## #..#
##.##.....#.##
..#######.##....####.##


You could see an Ice Fiend.

Vanquished Creatures
  A dire elephant (Lair:5)
  The ghost of Gargoyl the Protected, a journeyman CeAK of Lugonu (Lair:3)
  Snorg (D:11)
  2 ogre magi
  A fire dragon (Lair:6)
  Harold (D:11)
  A vault guard (D:13)
  8 hydras
  2 centaur warriors
  Erica (D:8)
  A dancing weapon (Volcano)
  12 two-headed ogres
  The ghost of brittlin the Magician, a novice GnWn of Ashenzari (D:9)
  An orc high priest (Orc:1)
  5 wizards (Volcano)
  2 deep trolls (Orc:1)
  An unseen horror (D:12)
  2 orc knights
  4 orb spiders (Spider:1)
  A lindwurm (Lair:6)
  An oklob plant (Lair:2)
  10 ugly things
  6 cyclopes
  4 wolf spiders (Spider:1)
  A salamander (shapeshifter) (D:15)
  2 manticores
  19 elephants
  5 black mambas
  5 toenail golems (Volcano)
  2 centaur zombies
  3 death yak zombies
  5 torpor snails (Lair:6)
  An ice statue (IceCv)
  3 centaur skeletons
  2 spiny frogs
  A yaktaur (D:15)
  A freezing wraith (IceCv)
  A demonic crawler (Lair:3)
  2 rime drakes
  2 kobold demonologists (D:12)
  8 anaconda simulacra (IceCv)
  3 hydra zombies
  6 komodo dragons
  A golden dragon simulacrum (IceCv)
  7 ice devils (IceCv)
  3 jumping spiders
  A polar bear (Lair:5)
  7 hornets
  16 trolls
  3 meliai (D:12)
  4 tyrant leeches (Lair:6)
  A queen bee (D:15)
  5 blink frogs (Lair:3)
  A hippogriff (shapeshifter) (D:13)
  13 slime creatures
  5 dream sheep (Lair:5)
  2 hydra skeletons (Lair:5)
  7 hippogriffs
  30 yaks
  A tarantella (Spider:1)
  8 redbacks
  A dire elephant simulacrum (IceCv)
  2 black mamba zombies (Lair:1)
  A spriggan (Lair:5)
  A shadow (D:15)
  5 wraiths
  2 basilisks
  2 hogs (D:13)
  5 wyverns
  A human (D:13)
  3 vampire mosquitoes
  3 hungry ghosts
  2 death yak simulacra (IceCv)
  Edmund (D:5)
  11 wargs
  3 iron troll simulacra (IceCv)
  A soldier ant (D:12)
  6 spiny frog zombies
  5 hydra simulacra (IceCv)
  5 porcupines (Lair:3)
  A spiny frog skeleton (Lair:5)
  5 water moccasins
  2 dream sheep zombies (Lair:1)
  11 ice beasts
  A manticore zombie (D:15)
  27 orc warriors
  A sky beast (D:7)
  A black bear (D:11)
  An eye of draining (D:13)
  An ettin simulacrum (IceCv)
  3 necrophages
  23 ogres
  13 wolves
  3 lindwurm skeletons (Volcano)
  3 phantoms
  6 centaurs
  An elephant skeleton (Lair:1)
  19 crocodiles
  A vampire mosquito zombie (D:14)
  3 komodo dragon zombies
  5 big kobolds
  15 bullfrogs
  A hippogriff skeleton (D:15)
  A wyvern zombie (D:12)
  2 salamander skeletons (Volcano)
  A komodo dragon skeleton (Lair:2)
  A water moccasin zombie (Lair:1)
  5 scorpions
  2 water moccasin skeletons
  2 yak zombies
  2 wyvern skeletons (D:12)
  28 killer bees
  A yak skeleton (D:15)
  4 wights (D:13)
  7 howler monkeys
  A wolf skeleton (Lair:1)
  6 electric eels (D:5)
  A wolf zombie (Lair:3)
  8 crimson imps
  A draconian simulacrum (IceCv)
  6 bullfrog zombies
  6 hounds
  5 jellies
  4 bullfrog skeletons
  A gnoll shaman (D:4)
  20 orc priests
  5 iguanas
  21 orc wizards
  A spriggan simulacrum (IceCv)
  6 worker ants
  4 porcupine zombies (Lair:1)
  3 troll simulacra (IceCv)
  A porcupine skeleton (Lair:5)
  A wolf simulacrum (IceCv)
  2 centaur simulacra (IceCv)
  A crocodile skeleton (Lair:6)
  A hound zombie (D:8)
  A hound skeleton (D:5)
  A worker ant zombie (D:14)
  12 gnolls
  9 adders
  2 naga simulacra (IceCv)
  An ogre simulacrum (IceCv)
  6 shadow imps
  7 white imps (IceCv)
  9 ufetubi (IceCv)
  3 adder skeletons
  A worm (D:4)
  4 dart slugs
  4 leopard geckos
  97 orcs
  9 giant cockroaches
  8 goblins
  12 hobgoblins
  11 jackals
  4 quokkas
  3 bats
  A dart slug zombie (D:14)
  2 frilled lizards
  A giant cockroach zombie (D:15)
  28 kobolds
  4 orc skeletons (D:15)
  2 quokka skeletons
  11 rats
  3 plants
  5 spectral weapons
886 creatures vanquished.

Vanquished Creatures (collateral kills)
  6 killer bees (D:12)
6 creatures vanquished.

Vanquished Creatures (others)
  A hornet (Lair:6)
  An orc warrior (Orc:1)
  A wolf (Lair:1)
  34 fungi
  10 plants
  39 spectral weapons
86 creatures vanquished.

Grand Total: 978 creatures vanquished

Notes
Turn   | Place    | Note
-------+----------+-------------------------------------------
     0 | D:1      | DildoBatman the Formicid Wizard began the quest for the
                  | Orb.
     0 | D:1      | Reached XP level 1. HP: 13/13 MP: 4/4
    59 | D:1      | Reached skill level 1 in Conjurations
   213 | D:1      | Reached XP level 2. HP: 19/19 MP: 0/6
   683 | D:1      | Reached XP level 3. HP: 22/24 MP: 1/7
   699 | D:1      | Learned a level 2 spell: Slow
   703 | D:1      | Learned a level 3 spell: Mephitic Cloud
  1177 | D:2      | Found a faded altar of an unknown god.
  1305 | D:2      | Reached skill level 1 in Fighting
  1305 | D:2      | Reached skill level 1 in Short Blades
  1376 | D:2      | Reached XP level 4. HP: 23/32 MP: 1/8
  1977 | D:3      | Reached XP level 5. HP: 38/38 MP: 9/9
  2447 | D:4      | Found a shadowy altar of Dithmenos.
  2885 | D:4      | Reached XP level 6. HP: 28/44 MP: 2/10
  3551 | D:5      | Entered Level 5 of the Dungeon
  3584 | D:5      | Reached skill level 1 in Armour
  3584 | D:5      | Reached skill level 1 in Poison Magic
  3809 | D:5      | Reached skill level 1 in Hexes
  3928 | D:5      | Found a white marble altar of Elyvilon.
  3965 | D:5      | Reached XP level 7. HP: 45/50 MP: 12/12
  4353 | D:5      | Noticed Edmund
  4831 | D:6      | Reached skill level 1 in Air Magic
  4851 | D:6      | Found a burning altar of Makhleb.
  4974 | D:6      | Found an ancient bone altar of Kikubaaqudgha.
  4979 | D:6      | Became a worshipper of Kikubaaqudgha
  4989 | D:6      | Found a staircase to the Ecumenical Temple.
  5003 | Temple   | Entered the Ecumenical Temple
  5279 | D:6      | Reached XP level 8. HP: 34/58 MP: 14/14
  5307 | D:6      | Noticed an eight-headed hydra
  5421 | D:5      | Killed Edmund
  6235 | D:6      | Found a hide-covered altar of Uskayaw.
  6239 | D:6      | Found a hazy altar of Hepliaklqana.
  6242 | D:6      | Found a radiant altar of Vehumet.
  6244 | D:6      | Found a stormy altar of Qazlal.
  6810 | D:7      | Noticed a yak
  6827 | D:7      | Noticed a yak
  6829 | D:7      | Noticed a yak
  6831 | D:7      | Noticed a yak
  6837 | D:7      | Killed a yak
  6837 | D:7      | Reached skill level 1 in Maces & Flails
  6845 | D:7      | Killed a yak
  6861 | D:7      | Killed a yak
  6861 | D:7      | Reached XP level 9. HP: 27/65 MP: 5/15
  6905 | D:7      | Reached skill level 5 in Stealth
  7479 | D:8      | Reached skill level 5 in Poison Magic
  7630 | D:8      | Learned a level 3 spell: Spectral Weapon
  7634 | D:8      | Learned a level 3 spell: Regeneration
  7657 | D:8      | Reached * piety under Kikubaaqudgha
  7657 | D:8      | Identified Kikubaaqudgha's Handbook of Evil (Kikubaaqudgha
                  | gifted it to you on level 8 of the Dungeon)
  7657 | D:8      | Received a gift from Kikubaaqudgha
  7752 | D:8      | Reached skill level 1 in Charms
  7752 | D:8      | Reached skill level 1 in Necromancy
  7806 | D:8      | Reached XP level 10. HP: 59/70 MP: 11/16
  7874 | D:8      | Found a snail-covered altar of Cheibriados.
  8350 | D:8      | Noticed Erica
  8467 | D:8      | Reached skill level 1 in Evocations
  8580 | D:8      | Killed Erica
  8640 | D:9      | Noticed a two-headed ogre
  8786 | D:9      | Killed a two-headed ogre
  8786 | D:9      | Reached skill level 5 in Fighting
  8807 | D:8      | Reached skill level 5 in Maces & Flails
  8885 | D:9      | Reached ** piety under Kikubaaqudgha
  8923 | D:9      | Found a large runed door.
  8923 | D:9      | Found a large runed door.
  8924 | D:9      | Noticed brittlin's ghost (novice GnWn)
  8961 | D:9      | Found a shattered altar of Ashenzari.
  8997 | D:9      | Reached XP level 11. HP: 78/79 MP: 15/17
  9214 | D:10     | Entered Level 10 of the Dungeon
  9239 | D:10     | Reached skill level 5 in Armour
  9381 | D:10     | Reached skill level 5 in Evocations
  9430 | D:10     | Found a staircase to the Lair.
  9649 | D:10     | Reached *** piety under Kikubaaqudgha
  9649 | D:10     | Identified Kikubaaqudgha's Almanac of Stolen Souls
                  | (Kikubaaqudgha gifted it to you on level 10 of the Dungeon)
  9649 | D:10     | Received a gift from Kikubaaqudgha
  9943 | D:10     | Found the +7 sceptre of Torment
 10095 | D:11     | Noticed a seven-headed hydra
 10353 | D:11     | Found a staircase to the Orcish Mines.
 10362 | D:11     | Noticed Harold
 10389 | D:11     | Killed Harold
 10615 | D:11     | Noticed a two-headed ogre
 10634 | D:11     | Killed a two-headed ogre
 10851 | D:11     | HP: 3/82 [five-headed hydra (3)]
 10851 | D:11     | HP: 1/82 [five-headed hydra (2)]
 10857 | D:11     | HP: 1/82 [five-headed hydra (3)]
 10997 | D:11     | Killed a one-headed hydra
 11024 | D:11     | Noticed Snorg
 11799 | D:11     | Killed Snorg
 11799 | D:11     | Reached XP level 12. HP: 69/90 MP: 5/18
 12083 | D:12     | Reached **** piety under Kikubaaqudgha
 12785 | D:12     | Noticed an unseen horror
 12837 | D:12     | Killed an unseen horror
 12837 | D:12     | Reached skill level 5 in Dodging
 13234 | D:12     | Got a ripped robe
 13246 | D:12     | Identified the +1 robe of Dogmatism {rPois rF- MR+ Dex+3}
                  | (You took it off a meliai on level 12 of the Dungeon)
 13308 | D:13     | Noticed a two-headed ogre
 13315 | D:13     | Killed a two-headed ogre
 13315 | D:13     | Reached ***** piety under Kikubaaqudgha
 13403 | D:13     | Reached XP level 13. HP: 96/96 MP: 8/19
 13567 | D:13     | Noticed a seven-headed hydra
 13574 | D:13     | Killed a seven-headed hydra
 14350 | D:14     | Noticed a centaur warrior
 14356 | D:14     | Killed a centaur warrior
 14356 | D:14     | Reached skill level 10 in Stealth
 14440 | D:14     | Identified the Reference Book on the Snowflakes and
                  | Transformation
 14520 | D:14     | Reached skill level 10 in Evocations
 14591 | D:14     | Noticed a vault guard
 14708 | D:13     | Killed a vault guard
 15002 | D:14     | Reached ****** piety under Kikubaaqudgha
 15003 | D:14     | Received a gift from Kikubaaqudgha
 15005 | D:14     | Fell from the grace of Kikubaaqudgha
 15210 | Temple   | Became a worshipper of Sif Muna the Loreminder
 15393 | D:5      | Killed a one-headed hydra
 15531 | D:5      | Learned a level 2 spell: Sublimation of Blood
 15537 | D:5      | Learned a level 5 spell: Dispel Undead
 15703 | D:9      | Killed brittlin's ghost
 15774 | Lair:1   | Entered Level 1 of the Lair of Beasts
 15890 | D:14     | Found a gate to the Vaults.
 16427 | D:15     | Entered Level 15 of the Dungeon
 16464 | D:15     | Noticed a centaur warrior
 16469 | D:15     | Noticed a five-headed hydra
 16533 | D:15     | Killed a centaur warrior
 16555 | D:15     | Killed a one-headed hydra
 16555 | D:15     | Reached XP level 14. HP: 80/106 MP: 10/21
 16607 | D:15     | Got a pair of twisted boots
 16613 | D:15     | Identified the +2 pair of boots of Gozag's Hope {+Fly rF+
                  | Stlth+} (You found it on level 15 of the Dungeon)
 16751 | D:15     | Reached * piety under Sif Muna
 16815 | D:14     | Noticed a reaper
 18009 | Lair:1   | Reached ** piety under Sif Muna
 18027 | Lair:1   | Reached skill level 5 in Hexes
 18205 | Lair:1   | Reached skill level 5 in Charms
 19319 | Lair:2   | Found a dark tunnel.
 19391 | Lair:2   | Found the +6 shillelagh "Devastator" {shatter}
 19454 | Volcano  | Entered a volcano
 19474 | Volcano  | Reached skill level 5 in Spellcasting
 19474 | Volcano  | Reached skill level 5 in Necromancy
 19879 | Volcano  | Reached skill level 5 in Conjurations
 20560 | Lair:3   | Reached skill level 10 in Fighting
 20663 | Lair:3   | Found a frozen archway.
 20688 | Lair:3   | Found a hole to the Spider Nest.
 20694 | Lair:3   | Reached *** piety under Sif Muna
 20700 | Lair:3   | Noticed Rupert
 20772 | Lair:3   | Reached XP level 15. HP: 111/111 MP: 14/23
 21041 | Lair:3   | Found a runed door.
 21042 | Lair:3   | Noticed Gargoyl's ghost (journeyman CeAK)
 21269 | Lair:3   | Got a faintly humming scale mail
 21677 | Lair:4   | Identified the cursed +0 scale mail of Instinct {*Contam
                  | rPois Int-4 Dex+6} (You found it on level 3 of the Lair of
                  | Beasts)
 21724 | Lair:4   | Gained mutation: Armour fits poorly on your strangely
                  | shaped body. [mutagenic glow]
 21777 | Lair:4   | Found a staircase to the Shoals.
 22614 | Lair:5   | You fall through a shaft!
 22614 | Lair:6   | Entered Level 6 of the Lair of Beasts
 22629 | Lair:6   | Was forgiven by Kikubaaqudgha
 22995 | Lair:6   | Reached **** piety under Sif Muna
 23016 | Lair:6   | Found a runed door.
 24270 | Lair:5   | Found a viscous altar of Jiyva.
 24271 | Lair:5   | Found a staircase to the Slime Pits.
 24827 | Lair:3   | Reached ***** piety under Sif Muna
 24827 | Lair:3   | Identified Sif Muna's Incunabulum of Calling and Combat
                  | Magic (Sif Muna gifted it to you on level 3 of the Lair of
                  | Beasts)
 24827 | Lair:3   | Received a gift from Sif Muna
 24911 | Lair:3   | Killed Gargoyl's ghost
 25120 | Orc:1    | Entered Level 1 of the Orcish Mines
 25256 | Orc:1    | Learned a level 8 spell: Necromutation
 25700 | Orc:2    | Entered Level 2 of the Orcish Mines
 25700 | Orc:2    | Found Asupp's Antique Weapon Shop.
 25851 | Orc:1    | Reached XP level 16. HP: 34/122 MP: 11/28
 26766 | Orc:2    | Found Ishryagu's Jewellery Boutique.
 26767 | Orc:2    | Found Satrexor's General Store.
 26769 | Orc:2    | Found Cagicik's Food Shoppe.
 26914 | Orc:2    | Bought a cursed amulet of inaccuracy for 32 gold pieces
 26947 | Orc:2    | Found a roughly hewn altar of Beogh.
 27008 | Orc:2    | Found a staircase to the Elven Halls.
 27020 | Orc:2    | Bought a potion of mutation for 112 gold pieces
 27188 | Orc:2    | Identified Sif Muna's Catalogue of Harmful Creation (Sif
                  | Muna gifted it to you on level 2 of the Orcish Mines)
 27188 | Orc:2    | Received a gift from Sif Muna
 27369 | Orc:2    | Bought a dazzling hand axe for 256 gold pieces
 27386 | Orc:2    | Bought the ring "Ifeanonu" {rPois EV+3 Int+6} for 716 gold
                  | pieces
 27386 | Orc:2    | Bought an uncursed amulet of regeneration for 480 gold
                  | pieces
 27389 | Orc:2    | Identified the +9 hand axe of War {protect, Str+7} (You
                  | bought it in a shop on level 2 of the Orcish Mines)
 27402 | Orc:2    | Bought the ring "Hehaah" {+Blink Str+4 Dex+3} for 756 gold
                  | pieces
 27468 | D:10     | Lost mutation: Armour fits poorly on your strangely shaped
                  | body. [potion of mutation]
 27468 | D:10     | Gained mutation: You are somewhat resistant to further
                  | mutation. [potion of mutation]
 27468 | D:10     | Gained mutation: Scrolls take you a little longer to read.
                  | [potion of mutation]
 27468 | D:10     | Gained mutation: Your body sometimes deteriorates upon
                  | taking damage. [potion of mutation]
 27469 | D:10     | Lost mutation: Your body sometimes deteriorates upon taking
                  | damage. [potion of mutation]
 27469 | D:10     | Lost mutation: Scrolls take you a little longer to read.
                  | [potion of mutation]
 27469 | D:10     | Gained mutation: Your body sometimes deteriorates upon
                  | taking damage. [potion of mutation]
 27528 | Spider:1 | Entered Level 1 of the Spider Nest
 27761 | Spider:1 | Found a frozen archway.
 27764 | Spider:1 | Reached skill level 1 in Axes
 27865 | IceCv    | Entered an ice cave
 28021 | IceCv    | Reached skill level 5 in Air Magic
 28717 | IceCv    | Reached skill level 10 in Necromancy
 28816 | IceCv    | Reached skill level 10 in Spellcasting
 28910 | IceCv    | Noticed an Ice Fiend
 29106 | IceCv    | Mangled by an Ice Fiend

Skill      XL: |  1  2  3  4  5  6  7  8  9 10 11 12 13 14 15 16 |
---------------+-------------------------------------------------+-----
Conjurations   | 1 2 3 4 5 6 |  6.0
Fighting       | 1 2 3 4 5 7 8 9 10 | 10.0
Short Blades   | 1 2 3 |  3.1
Armour         | 1 2 3 4 6 7 8 9 |  9.0
Dodging        | 2 3 4 5 6 7 |  7.0
Poison Magic   | 1 2 4 6 7 8 9 |  9.0
Hexes          | 1 2 3 4 5 6 |  6.0
Stealth        | 3 4 5 6 8 9 10 11 | 11.0
Air Magic      | 1 2 3 4 5 |  5.0
Spellcasting   | 4 5 8 10 | 10.0
Maces & Flails | 1 4 5 7 8 9 |  9.0
Charms         | 3 4 5 6 |  6.0
Necromancy     | 3 4 5 8 10 | 10.1
Evocations     | 3 7 9 10 11 | 11.0
Axes           | 3 |  3.3
Summonings     | |  1.0
Translocations | |  0.8

Action                   |  1- 3 |  4- 6 |  7- 9 | 10-12 | 13-15 | 16-18 || total
-------------------------+-------+-------+-------+-------+-------+-------++-------
Melee: Unarmed           |    27 |       |       |       |       |       ||    27
       Dagger            |    42 |    16 |       |       |       |       ||    58
       Short sword       |       |   145 |    95 |       |       |       ||   240
       Dire flail        |       |       |    55 |   496 |  1286 |   187 ||  2024
       Scimitar          |       |       |       |     6 |    17 |       ||    23
       Staff             |       |       |       |       |     1 |       ||     1
       Hand axe          |       |       |       |       |       |   193 ||   193
 Fire: Shortbow          |       |       |       |     9 |       |       ||     9
Throw: Stone             |       |       |       |       |     1 |       ||     1
 Cast: Magic Dart        |    60 |   105 |    66 |     4 |     6 |       ||   241
       Mephitic Cloud    |       |     3 |    20 |    48 |    75 |    51 ||   197
       Slow              |       |       |    10 |    17 |    41 |     6 ||    74
       Spectral Weapon   |       |       |     4 |    91 |   185 |    57 ||   337
       Regeneration      |       |       |       |    19 |    92 |    63 ||   174
       Sublimation of Bl |       |       |       |       |    27 |    34 ||    61
       Dispel Undead     |       |       |       |       |     4 |    30 ||    34
Invok: Receive Necronomi |       |       |       |       |     1 |       ||     1
       Renounce Religion |       |       |       |       |     1 |       ||     1
       Divine Energy     |       |       |       |       |     1 |       ||     1
 Abil: Dig               |     1 |     5 |    14 |    23 |    39 |    27 ||   109
       Shaft Self        |       |       |       |       |     1 |       ||     1
Evoke: Wand              |       |       |       |     8 |    14 |     3 ||    25
       Lamp of fire      |       |       |       |       |       |     1 ||     1
  Use: Scroll            |       |       |       |    17 |     6 |       ||    23
       Potion            |       |       |       |       |     1 |     3 ||     4
 Stab: Sleeping          |     1 |     5 |     2 |     2 |    14 |     1 ||    25
       Confused          |       |       |     8 |     6 |    26 |    22 ||    62
       Distracted        |       |       |       |     3 |    14 |     3 ||    20
       Paralysed         |       |       |       |       |     3 |     1 ||     4
  Eat: Chunk             |     1 |     9 |    14 |    23 |    57 |    12 ||   116
       Ration            |       |       |     2 |     2 |     6 |       ||    10
Armor: Robe              |    21 |    30 |    21 |    20 |       |       ||    92
       Troll leather arm |       |       |       |   164 |   521 |   174 ||   859
       Leather armour    |       |       |       |     2 |     3 |       ||     5
       Skin              |       |       |       |       |     1 |       ||     1
Dodge: Dodged            |    49 |    94 |    43 |   356 |   853 |   383 ||  1778
       Rpst.: Scimitar   |       |       |       |       |     2 |       ||     2
